 Dungeon Crawl Stone Soup version 0.27-a0-760-gc38aae387d (webtiles) character file.

Game seed: 12673179598916433779

35 Hasart the Skirmisher (level 3, -2/30 HPs)
             Began as a Demigod Fighter on Mar 24, 2021.
             Killed by Freeze
             ... generated by an endoplasm
              (4 damage)
             ... on level 2 of the Dungeon.
             The game lasted 00:02:07 (1013 turns).

Hasart the Skirmisher (Demigod Fighter)             Turns: 1013, Time: 00:02:07

Health: -2/30      AC:  6    Str: 21    XL:     3   Next: 4%
Magic:  5/5        EV:  7    Int: 10    God:
Gold:   45         SH:  9    Dex: 13    Spells: 2/2 levels left

rFire    . . .     SeeInvis .   a - +0 long sword
rCold    . . .     Faith    .   c - +0 kite shield
rNeg     . . .     Spirit   .   b - +0 scale mail
rPois    .         Reflect  .   (no helmet)
rElec    .         Harm     .   (no cloak)
rCorr    .         Rampage  .   (no gloves)
Will     .....                  (no boots)
Stlth    ..........             (no amulet)
HPRegen  0.10/turn              (no ring)
MPRegen  0.09/turn              (no ring)

@: no status effects
A: high mp 1, forlorn
a: no special abilities


You were on level 2 of the Dungeon.
You visited 1 branch of the dungeon, and saw 2 of its levels.

You collected 45 gold pieces.

Inventory:

Hand Weapons
 a - a +0 long sword (weapon)
Missiles
 e - 3 boomerangs (quivered)
Armour
 b - a +0 scale mail (worn)
 c - a +0 kite shield (worn)
Scrolls
 f - a scroll of blinking {unknown}
 h - a scroll of fear {unknown}
 i - a scroll of enchant weapon {unknown}
Potions
 d - a potion of might
 g - a potion of heal wounds {unknown}


   Skills:
 + Level 2.9 Fighting
 * Level 2.4 Long Blades
 + Level 0.7 Throwing
 + Level 2.9 Armour
 + Level 2.9 Shields


You had 2 spell levels left.
You didn't know any spells.
Your spell library was empty.

Dungeon Overview and Level Annotations

Branches:
Dungeon (2/15)


Innate Abilities, Weirdness & Mutations

Your attributes grow dramatically as you level up.
You have an increased reservoir of magic. (+10% MP)
You shall have no god before yourself.


Message History

You block the jackal's attack. You block the jackal's attack.
The jackal bites you but does no damage.
The jackal barely misses you.
The jackal bites you but does no damage.
You block the jackal's attack. You block the jackal's attack.
The jackal bites you. You block the jackal's attack.
The jackal barely misses you.
The jackal bites you but does no damage.
The jackal bites you.
* * * LOW HITPOINT WARNING * * *
You block the jackal's attack. You block the jackal's attack.
You block the jackal's attack. You block the jackal's attack.
The jackal bites you but does no damage.
The jackal barely misses you.
You riposte.
You slash the jackal!
You kill the jackal!
You see here a jackal corpse.
Found 10 gold pieces.
An endoplasm comes into view.
You block the endoplasm's attack.
The endoplasm hits you but does no damage.
The endoplasm freezes you.
You are frozen.
* * * LOW HITPOINT WARNING * * *
The endoplasm freezes you.
You are frozen.
* * * LOW HITPOINT WARNING * * *
You block the endoplasm's attack. You block the endoplasm's attack.
The endoplasm hits you but does no damage.
The endoplasm hits you but does no damage.
The endoplasm freezes you.
You are frozen.
* * * LOW HITPOINT WARNING * * *
The endoplasm freezes you.
You are frozen.
You die...

#(....>..#####.#
#..........####'###
####.....#.#......#
########........#
##.....###.......#
#......###.###.###
#........#..##.#
#......#.##.##.####
#$...@#)#........#
#...J.#.#.#......#
#####.#...#......#
####.........####
#.........[.....#
#.###.....<..##+# #
#............#
...............#
###............#


You could see an endoplasm.

Vanquished Creatures
  An adder (D:2)
  A dart slug (D:1)
  2 ball pythons (D:1)
  2 bats (D:1)
  3 endoplasms
  4 goblins
  A hobgoblin (D:1)
  2 jackals (D:2)
  2 quokkas
  3 kobolds (D:1)
21 creatures vanquished.

Notes
Turn   | Place    | Note
-------+----------+-------------------------------------------
     0 | D:1      | Hasart the Demigod Fighter began the quest for the Orb.
     0 | D:1      | Reached XP level 1. HP: 18/18 MP: 3/3
   396 | D:1      | Reached XP level 2. HP: 25/25 MP: 4/4
   908 | D:2      | Reached XP level 3. HP: 14/30 MP: 5/5
  1013 | D:2      | Killed from afar by an endoplasm

Illustrated notes

Levels and vault maps discovered:
D:1:      dpeg_arrival_oval, layout_basic
D:2:      minmay_roachtagon, layout_basic, minitemple

Skill      XL: |  1 |
---------------+----+-----
Long Blades    | 2 |  2.4
Fighting       | |  2.9
Throwing       | |  0.7
Armour         | |  2.9
Shields        | |  2.9

Action                   || total
-------------------------++-------
Melee: Long sword        ||    66
Armor: Scale mail        ||    59
Dodge: Dodged            ||    45
Block: Kite shield       ||    90
       Rpst.: Long sword ||    19

Table legend: (Time is in decaauts)
 A = Elapsed time spent in this place.
 B = Non-inter-level travel time spent in this place.
 C = Inter-level travel time spent in this place.
 D = Time resting spent in this place.
 E = Time spent auto-exploring this place.
 F = Levels seen in this place.
 G = Mean time per level.
                   A        B        C        D        E       F      G
               +--------+--------+--------+--------+--------+-----+--------+
         Total |   1048 |   1036 |     12 |      0 |    711 |   2 |  524.0 |
       Dungeon |   1048 |   1036 |     12 |      0 |    711 |   2 |  524.0 |
               +--------+--------+--------+--------+--------+-----+--------+

Top non-repeatable levels by time:
     D:1: 790 daAuts
     D:2: 257 daAuts
